1996 views
Uploaded 2022-12-25 02:05:22
Game version 1.32.10
25:45 long 3on3 ladder game on (8)Battleground_LV
Saved by GIGA
1996 views
Uploaded 2022-12-25 02:05:22
Game version 1.32.10
25:45 long 3on3 ladder game on (8)Battleground_LV


81 units @ 8k
/ 1.2k
142 buildings @ 10.3k
/ 4.8k
GIGA
(207)
(25:44) : 

| Peasant | 22 | 1650 | / | 0 |
| Sorceress | 1 | 155 | / | 20 |
| Dragonhawk Rider | 3 | 600 | / | 90 |
| total: | 26 | 2405g | / | 110w |
| Scout Tower | 64 | 1920 | / | 1280 |
| Arcane Tower | 6 | 420 | / | 300 |
| Guard Tower | 16 | 1120 | / | 800 |
| Altar of Kings | 1 | 180 | / | 50 |
| Farm | 7 | 560 | / | 140 |
| Lumber Mill | 1 | 120 | / | 0 |
| Town Hall | 2 | 770 | / | 410 |
| Blacksmith | 1 | 140 | / | 60 |
| Arcane Vault | 1 | 130 | / | 30 |
| Cannon Tower | 4 | 480 | / | 400 |
| Gryphon Aviary | 1 | 140 | / | 150 |
| Arcane Sanctum | 1 | 150 | / | 140 |
| Workshop | 1 | 140 | / | 140 |
| Keep | 2 | 640 | / | 420 |
| Castle | 1 | 360 | / | 210 |
| total: | 80 | 4250g | / | 2400w |
| 0:04 | Peasant |
| 0:04 | Peasant |
| 0:09 | Altar of Kings |
| 0:12 | Farm |
| 0:13 | Farm |
| 0:20 | Peasant |
| 0:36 | Peasant |
| 0:43 | Farm |
| 0:49 | Peasant |
| 1:00 | Peasant |
| 1:08 | Lumber Mill |
| 1:15 | Peasant |
| 1:23 | Scout Tower |
| 1:31 | Peasant |
| 1:40 | Peasant |
| 1:51 | Arcane Tower |
| 1:54 | Peasant |
| 2:21 | Peasant |
| 2:21 | Peasant |
| 2:21 | Peasant |
| 2:21 | Peasant |
| 2:24 | Improved Lumber Harvesting |
| 2:29 | Storm Bolt |
| 3:03 | Town Hall |
| 3:14 | Town Hall |
| 3:35 | Keep |
| 3:40 | Scout Tower |
| 4:03 | Improved Masonry |
| 4:23 | Peasant |
| 4:24 | Peasant |
| 4:42 | Peasant |
| 4:50 | Guard Tower |
| 4:59 | Scout Tower |
| 4:59 | Scout Tower |
| 5:00 | Scout Tower |
| 5:00 | Scout Tower |
| 5:32 | Scout Tower |
| 5:35 | Scout Tower |
| 5:38 | Arcane Tower |
| 5:53 | Scout Tower |
| 5:53 | Scout Tower |
| 5:54 | Scout Tower |
| 5:55 | Scout Tower |
| 5:56 | Scout Tower |
| 5:57 | Scout Tower |
| 6:00 | Scout Tower |
| 6:01 | Scout Tower |
| 6:01 | Scout Tower |
| 6:02 | Scout Tower |
| 6:07 | Scout Tower |
| 6:07 | Scout Tower |
| 6:08 | Scout Tower |
| 6:09 | Scout Tower |
| 6:10 | Scout Tower |
| 6:10 | Scout Tower |
| 6:11 | Scout Tower |
| 6:11 | Scout Tower |
| 6:16 | Guard Tower |
| 6:33 | Advanced Masonry |
| 6:48 | Guard Tower |
| 6:51 | Arcane Tower |
| 6:52 | Scout Tower |
| 6:54 | Peasant |
| 7:10 | Keep |
| 7:13 | Scout Tower |
| 7:14 | Scout Tower |
| 7:15 | Scout Tower |
| 7:16 | Scout Tower |
| 7:20 | Arcane Tower |
| 7:23 | Guard Tower |
| 7:29 | Advanced Lumber Harvesting |
| 7:42 | Scout Tower |
| 7:42 | Scout Tower |
| 7:45 | Guard Tower |
| 8:01 | Gryphon Aviary |
| 8:03 | Guard Tower |
| 8:10 | Guard Tower |
| 8:12 | Guard Tower |
| 8:26 | Arcane Sanctum |
| 8:42 | Scout Tower |
| 8:43 | Scout Tower |
| 8:44 | Scout Tower |
| 8:50 | Guard Tower |
| 9:14 | Blacksmith |
| 9:20 | Farm |
| 9:21 | Farm |
| 9:24 | Guard Tower |
| 9:31 | Peasant |
| 9:31 | Peasant |
| 9:54 | Guard Tower |
| 9:59 | Scout Tower |
| 10:06 | Scout Tower |
| 10:07 | Scout Tower |
| 10:07 | Scout Tower |
| 10:17 | Castle |
| 10:23 | Magic Sentry |
| 10:42 | Workshop |
| 10:49 | Farm |
| 10:49 | Farm |
| 11:06 | Arcane Tower |
| 11:07 | Guard Tower |
| 11:15 | Scout Tower |
| 11:16 | Scout Tower |
| 11:16 | Scout Tower |
| 11:17 | Scout Tower |
| 11:18 | Scout Tower |
| 11:23 | Scout Tower |
| 11:24 | Scout Tower |
| 11:25 | Scout Tower |
| 11:26 | Scout Tower |
| 11:26 | Scout Tower |
| 11:28 | Scout Tower |
| 11:29 | Scout Tower |
| 11:30 | Scout Tower |
| 11:36 | Scout Tower |
| 11:38 | Scout Tower |
| 11:40 | Scout Tower |
| 11:44 | Guard Tower |
| 11:57 | Scout Tower |
| 11:58 | Scout Tower |
| 11:59 | Scout Tower |
| 12:00 | Scout Tower |
| 12:06 | Scout Tower |
| 12:07 | Scout Tower |
| 12:13 | Flare |
| 12:18 | Sorceress Adept Training |
| 12:18 | Sorceress |
| 12:43 | Arcane Vault |
| 12:45 | Peasant |
| 12:46 | Peasant |
| 12:53 | Cannon Tower |
| 12:57 | Cannon Tower |
| 12:59 | Cannon Tower |
| 13:03 | Guard Tower |
| 13:15 | Scout Tower |
| 13:19 | Guard Tower |
| 13:22 | Cannon Tower |
| 13:32 | Arcane Tower |
| 13:37 | Scout Tower |
| 13:58 | Dragonhawk Rider |
| 13:59 | Cloud |
| 14:00 | Dragonhawk Rider |
| 14:01 | Dragonhawk Rider |
| 15:08 | Guard Tower |
| 23:06 | Holy Light |
| Right click | 1320 |
| Select group | 1138 |
| Select | 232 |
| Build/train/purchase | 71 |
| Resource trade | 51 |
| Use ability | 14 |
| Minimap ping | 10 |
| Chat | 8 |
| Assign group | 5 |
| Misc. action | 3 |


| Peasant | 15 | 1125 | / | 0 |
| Flying Machine | 15 | 1500 | / | 450 |
| Mortar Team | 8 | 1440 | / | 560 |
| total: | 38 | 4065g | / | 1010w |
| Scout Tower | 21 | 630 | / | 420 |
| Arcane Tower | 2 | 140 | / | 100 |
| Guard Tower | 9 | 630 | / | 450 |
| Altar of Kings | 1 | 180 | / | 50 |
| Farm | 18 | 1440 | / | 360 |
| Lumber Mill | 1 | 120 | / | 0 |
| Blacksmith | 1 | 140 | / | 60 |
| Arcane Vault | 1 | 130 | / | 30 |
| Workshop | 3 | 420 | / | 420 |
| Gryphon Aviary | 1 | 140 | / | 150 |
| Keep | 1 | 320 | / | 210 |
| Castle | 1 | 360 | / | 210 |
| total: | 47 | 3200g | / | 1490w |
| 0:03 | Peasant |
| 0:14 | Peasant |
| 0:21 | Altar of Kings |
| 0:24 | Peasant |
| 0:30 | Peasant |
| 0:35 | Farm |
| 0:51 | Lumber Mill |
| 0:55 | Peasant |
| 1:13 | Peasant |
| 1:14 | Farm |
| 1:19 | Peasant |
| 1:33 | Peasant |
| 1:37 | Scout Tower |
| 1:39 | Peasant |
| 1:54 | Improved Lumber Harvesting |
| 1:55 | Improved Masonry |
| 1:56 | Peasant |
| 2:11 | Peasant |
| 2:24 | Arcane Tower |
| 2:27 | Farm |
| 2:29 | Peasant |
| 2:35 | Storm Bolt |
| 2:58 | Peasant |
| 3:07 | Scout Tower |
| 3:08 | Scout Tower |
| 3:09 | Scout Tower |
| 3:09 | Scout Tower |
| 3:10 | Scout Tower |
| 3:11 | Scout Tower |
| 3:11 | Scout Tower |
| 3:12 | Scout Tower |
| 3:12 | Scout Tower |
| 3:19 | Peasant |
| 3:19 | Peasant |
| 3:49 | Guard Tower |
| 3:52 | Scout Tower |
| 3:52 | Scout Tower |
| 3:54 | Guard Tower |
| 3:56 | Scout Tower |
| 3:56 | Scout Tower |
| 4:01 | Keep |
| 4:15 | Guard Tower |
| 4:26 | Scout Tower |
| 4:26 | Scout Tower |
| 4:27 | Scout Tower |
| 4:32 | Guard Tower |
| 4:48 | Arcane Tower |
| 4:50 | Guard Tower |
| 4:58 | Blacksmith |
| 5:16 | Scout Tower |
| 5:17 | Scout Tower |
| 5:20 | Guard Tower |
| 5:25 | Guard Tower |
| 5:29 | Scout Tower |
| 5:30 | Scout Tower |
| 5:59 | Guard Tower |
| 6:22 | Castle |
| 6:24 | Workshop |
| 6:25 | Workshop |
| 6:29 | Advanced Lumber Harvesting |
| 6:45 | Workshop |
| 6:47 | Farm |
| 6:48 | Farm |
| 6:50 | Farm |
| 6:57 | Black Gunpowder |
| 6:58 | Iron Plating |
| 7:00 | Advanced Masonry |
| 7:21 | Guard Tower |
| 7:31 | Flak Cannons |
| 7:31 | Flare |
| 7:32 | Flying Machine |
| 7:34 | Farm |
| 7:58 | Farm |
| 8:21 | Farm |
| 8:27 | Farm |
| 8:43 | Fragmentation Shards |
| 8:44 | Flying Machine Bombs |
| 8:48 | Refined Gunpowder |
| 9:04 | Mortar Team |
| 10:29 | Imbued Gunpowder |
| 10:29 | Steel Plating |
| 10:32 | Flying Machine |
| 10:32 | Flying Machine |
| 10:32 | Flying Machine |
| 10:32 | Flying Machine |
| 10:32 | Flying Machine |
| 10:45 | Holy Light |
| 11:56 | Flying Machine |
| 11:56 | Flying Machine |
| 11:56 | Flying Machine |
| 11:56 | Flying Machine |
| 11:56 | Flying Machine |
| 11:57 | Flying Machine |
| 11:57 | Flying Machine |
| 12:45 | Flying Machine |
| 12:45 | Flying Machine |
| 13:03 | Divine Shield |
| 13:45 | Farm |
| 13:46 | Farm |
| 13:48 | Farm |
| 13:50 | Farm |
| 13:55 | Farm |
| 14:02 | Mithril Plating |
| 14:29 | Gryphon Aviary |
| 14:34 | Arcane Vault |
| 18:54 | Mortar Team |
| 18:58 | Studded Leather Armor |
| 19:19 | Mortar Team |
| 19:19 | Mortar Team |
| 19:19 | Mortar Team |
| 19:19 | Mortar Team |
| 19:20 | Mortar Team |
| 19:20 | Mortar Team |
| 20:39 | Divine Shield |
| 20:50 | Farm |
| 20:50 | Farm |
| 20:50 | Farm |
| 25:13 | Bash |
| 25:14 | Bash |
| 25:17 | Divine Shield |
| Right click | 829 |
| Select group | 422 |
| Select | 348 |
| Build/train/purchase | 93 |
| Misc. action | 85 |
| Use ability | 67 |
| Assign group | 14 |
| Esc | 5 |
| Chat | 4 |
| Minimap ping | 3 |
| Remove unit | 1 |
Cabeelibob
(194)
(25:44) : 
| Healing Salve | 2 | 200 |
| Orb of Lightning | 1 | 375 |
| Lesser Clarity Potion | 2 | 140 |
| Potion of Mana | 1 | 200 |
| Boots of Speed | 1 | 250 |
| Staff of Teleportation | 1 | 150 |
| total: | 8 | 1315g |
| Peon | 13 | 975 | / | 0 |
| Troll Witch Doctor | 4 | 580 | / | 100 |
| total: | 17 | 1555g | / | 100w |
| Watch Tower | 1 | 110 | / | 80 |
| Altar of Storms | 2 | 360 | / | 100 |
| Orc Burrow | 5 | 800 | / | 200 |
| War Mill | 2 | 410 | / | 0 |
| Great Hall | 2 | 770 | / | 370 |
| Voodoo Lounge | 2 | 260 | / | 60 |
| Spirit Lodge | 1 | 150 | / | 150 |
| Stronghold | 1 | 315 | / | 190 |
| Fortress | 1 | 325 | / | 190 |
| total: | 15 | 2860g | / | 960w |
| 0:04 | Altar of Storms |
| 0:08 | Orc Burrow |
| 0:09 | Peon |
| 0:27 | Peon |
| 0:45 | Peon |
| 0:45 | Peon |
| 0:56 | Peon |
| 1:01 | Orc Burrow |
| 1:13 | War Mill |
| 1:32 | Peon |
| 1:39 | Peon |
| 1:57 | Peon |
| 2:04 | Peon |
| 2:17 | Wind Walk |
| 2:28 | Peon |
| 2:35 | Watch Tower |
| 3:26 | Great Hall |
| 3:43 | Voodoo Lounge |
| 4:08 | Voodoo Lounge |
| 4:48 | Peon |
| 4:48 | Peon |
| 4:48 | Peon |
| 4:51 | Healing Salve |
| 5:35 | Bash |
| 5:39 | Bash |
| 5:59 | Critical Strike |
| 6:12 | Stronghold |
| 6:14 | Orc Burrow |
| 8:16 | Holy Light |
| 8:50 | Fortress |
| 8:54 | Spirit Lodge |
| 8:56 | Orc Burrow |
| 9:59 | Storm Bolt |
| 10:02 | Storm Bolt |
| 10:18 | Witch Doctor Adept Training |
| 11:18 | Wind Walk |
| 11:56 | Boots of Speed |
| 12:00 | Staff of Teleportation |
| 13:24 | Witch Doctor Master Training |
| 13:26 | Troll Witch Doctor |
| 13:26 | Troll Witch Doctor |
| 13:26 | Troll Witch Doctor |
| 13:26 | Troll Witch Doctor |
| 13:30 | War Mill |
| 13:34 | Orc Burrow |
| 13:40 | Orb of Lightning |
| 13:50 | Healing Salve |
| 14:41 | Altar of Storms |
| 15:04 | Reinforced Defenses |
| 16:06 | Spiked Barricades |
| 18:01 | Lesser Clarity Potion |
| 18:06 | Critical Strike |
| 19:44 | Great Hall |
| 21:51 | Critical Strike |
| 24:16 | Bladestorm |
| 24:50 | Lesser Clarity Potion |
| 24:52 | Potion of Mana |
| Right click | 751 |
| Select | 136 |
| Misc. action | 98 |
| Build/train/purchase | 94 |
| Select group | 83 |
| Resource trade | 59 |
| Use ability | 17 |
| Assign group | 9 |
| Chat | 9 |
| Item give/drop | 7 |
| Esc | 5 |
130 units @ 14.8k
/ 1.3k
71 buildings @ 10.2k
/ 3.8k


| Peasant | 15 | 1125 | / | 0 |
| Footman | 15 | 2025 | / | 0 |
| Rifleman | 11 | 2255 | / | 330 |
| total: | 41 | 5405g | / | 330w |
| Scout Tower | 1 | 30 | / | 20 |
| Arcane Tower | 1 | 70 | / | 50 |
| Barracks | 2 | 320 | / | 120 |
| Farm | 13 | 1040 | / | 260 |
| Altar of Kings | 1 | 180 | / | 50 |
| Blacksmith | 1 | 140 | / | 60 |
| Town Hall | 3 | 1155 | / | 615 |
| Lumber Mill | 2 | 240 | / | 0 |
| Keep | 1 | 320 | / | 210 |
| Castle | 1 | 360 | / | 210 |
| total: | 23 | 3105g | / | 1125w |
| 0:06 | Peasant |
| 0:17 | Barracks |
| 0:22 | Farm |
| 0:25 | Altar of Kings |
| 0:26 | Peasant |
| 0:30 | Peasant |
| 0:45 | Peasant |
| 1:06 | Farm |
| 1:09 | Peasant |
| 1:13 | Peasant |
| 1:20 | Footman |
| 1:26 | Peasant |
| 1:57 | Footman |
| 2:03 | Peasant |
| 2:09 | Footman |
| 2:15 | Peasant |
| 2:34 | Footman |
| 2:42 | Keep |
| 2:50 | Farm |
| 2:56 | Holy Light |
| 3:12 | Footman |
| 3:45 | Footman |
| 3:55 | Blacksmith |
| 4:03 | Divine Shield |
| 4:12 | Footman |
| 5:08 | Footman |
| 5:45 | Devotion Aura |
| 5:55 | Scout Tower |
| 6:00 | Farm |
| 6:11 | Iron Forged Swords |
| 6:23 | Farm |
| 6:30 | Farm |
| 6:32 | Farm |
| 6:49 | Town Hall |
| 6:55 | Barracks |
| 7:04 | Iron Plating |
| 7:09 | Arcane Tower |
| 7:25 | Rifleman |
| 7:48 | Storm Bolt |
| 8:27 | Footman |
| 8:27 | Footman |
| 8:27 | Footman |
| 8:29 | Footman |
| 8:29 | Footman |
| 9:13 | Footman |
| 9:13 | Footman |
| 9:27 | Steel Plating |
| 10:50 | Bash |
| 11:06 | Town Hall |
| 11:08 | Castle |
| 11:58 | Steel Forged Swords |
| 12:09 | Town Hall |
| 12:18 | Farm |
| 12:20 | Farm |
| 12:22 | Farm |
| 12:23 | Farm |
| 12:24 | Farm |
| 12:24 | Farm |
| 13:23 | Lumber Mill |
| 13:46 | Peasant |
| 13:46 | Peasant |
| 15:36 | Rifleman |
| 15:37 | Rifleman |
| 16:06 | Long Rifles |
| 16:07 | Rifleman |
| 16:11 | Peasant |
| 16:11 | Peasant |
| 16:13 | Peasant |
| 16:23 | Peasant |
| 16:50 | Rifleman |
| 18:04 | Rifleman |
| 18:05 | Rifleman |
| 18:15 | Improved Lumber Harvesting |
| 18:46 | Rifleman |
| 19:05 | Black Gunpowder |
| 20:33 | Lumber Mill |
| 20:49 | Rifleman |
| 20:49 | Rifleman |
| 21:20 | Advanced Lumber Harvesting |
| 21:27 | Rifleman |
| Right click | 976 |
| Select | 276 |
| Build/train/purchase | 79 |
| Select group | 36 |
| Use ability | 27 |
| Assign group | 21 |
| Misc. action | 18 |
| Chat | 14 |
| Minimap ping | 4 |
| Esc | 2 |
| Remove unit | 1 |



| Orb of Venom | 1 | 325 |
| Potion of Healing | 1 | 150 |
| Potion of Mana | 1 | 200 |
| Boots of Speed | 1 | 250 |
| Scroll of Protection | 1 | 150 |
| Scroll of Regeneration | 1 | 100 |
| total: | 6 | 1175g |
| Wisp | 23 | 1380 | / | 0 |
| Huntress | 5 | 975 | / | 100 |
| total: | 28 | 2355g | / | 100w |
| Altar of Elders | 1 | 180 | / | 50 |
| Moon Well | 7 | 1260 | / | 280 |
| Ancient of War | 3 | 450 | / | 180 |
| Hunter's Hall | 1 | 210 | / | 100 |
| Ancient of Wonders | 1 | 90 | / | 30 |
| Tree of Life | 1 | 340 | / | 185 |
| Tree of Ages | 1 | 320 | / | 180 |
| Tree of Eternity | 1 | 330 | / | 200 |
| total: | 14 | 2530g | / | 825w |
| 0:03 | Wisp |
| 0:03 | Wisp |
| 0:03 | Wisp |
| 0:03 | Wisp |
| 0:03 | Wisp |
| 0:03 | Wisp |
| 0:08 | Altar of Elders |
| 0:19 | Moon Well |
| 0:21 | Wisp |
| 0:21 | Wisp |
| 0:35 | Wisp |
| 0:48 | Wisp |
| 1:05 | Ancient of War |
| 1:17 | Wisp |
| 1:29 | Moon Well |
| 1:31 | Wisp |
| 1:57 | Wisp |
| 2:05 | Hunter's Hall |
| 2:07 | Wisp |
| 2:13 | Fan of Knives |
| 2:29 | Moon Well |
| 2:42 | Wisp |
| 2:42 | Wisp |
| 3:30 | Tree of Ages |
| 3:33 | Ancient of War |
| 3:39 | Ancient of War |
| 4:00 | Moon Well |
| 4:02 | Strength of the Moon |
| 4:57 | Huntress |
| 5:00 | Moon Well |
| 5:50 | Huntress |
| 6:06 | Moon Well |
| 6:08 | Moon Armor |
| 6:10 | Wisp |
| 6:10 | Wisp |
| 6:17 | Shadow Strike |
| 7:01 | Huntress |
| 7:35 | Shadow Strike |
| 7:46 | Boots of Speed |
| 8:48 | Moon Glaive |
| 8:50 | Tree of Eternity |
| 8:51 | Improved Strength of the Moon |
| 8:57 | Moon Well |
| 9:16 | Sentinel |
| 9:23 | Improved Moon Armor |
| 9:29 | Huntress |
| 9:48 | Ancient of Wonders |
| 9:55 | Blink |
| 10:30 | Tree of Life |
| 10:40 | Scroll of Protection |
| 11:10 | Howl of Terror |
| 13:48 | Advanced Strength of the Moon |
| 14:05 | Huntress |
| 14:28 | Orb of Venom |
| 14:29 | Potion of Healing |
| 14:29 | Potion of Mana |
| 14:33 | Wisp |
| 14:33 | Wisp |
| 14:33 | Wisp |
| 14:34 | Wisp |
| 14:34 | Wisp |
| 14:53 | Trueshot Aura |
| 20:48 | Scroll of Regeneration |
| Right click | 552 |
| Select group | 382 |
| Select | 263 |
| Build/train/purchase | 79 |
| Use ability | 21 |
| Assign group | 18 |
| Minimap ping | 4 |
| Item give/drop | 2 |



| Scroll of Regeneration | 10 | 1000 |
| Orb of Fire | 1 | 325 |
| Scroll of Town Portal | 2 | 700 |
| Boots of Speed | 1 | 250 |
| Potion of Lesser Invulnerability | 1 | 150 |
| total: | 15 | 2425g |
| Peasant | 41 | 3075 | / | 0 |
| Rifleman | 14 | 2870 | / | 420 |
| Mortar Team | 6 | 1080 | / | 420 |
| total: | 61 | 7025g | / | 840w |
| Scout Tower | 4 | 120 | / | 80 |
| Guard Tower | 3 | 210 | / | 150 |
| Arcane Tower | 1 | 70 | / | 50 |
| Lumber Mill | 2 | 240 | / | 0 |
| Altar of Kings | 3 | 540 | / | 150 |
| Farm | 14 | 1120 | / | 280 |
| Blacksmith | 2 | 280 | / | 120 |
| Barracks | 1 | 160 | / | 60 |
| Arcane Vault | 2 | 260 | / | 60 |
| Town Hall | 4 | 1540 | / | 820 |
| Workshop | 2 | 280 | / | 280 |
| Keep | 2 | 640 | / | 420 |
| Castle | 3 | 1080 | / | 630 |
| total: | 34 | 4540g | / | 1850w |
| 0:02 | Peasant |
| 0:02 | Peasant |
| 0:02 | Peasant |
| 0:09 | Lumber Mill |
| 0:19 | Altar of Kings |
| 0:22 | Peasant |
| 0:34 | Farm |
| 0:38 | Peasant |
| 0:46 | Peasant |
| 1:01 | Peasant |
| 1:10 | Farm |
| 1:23 | Blacksmith |
| 1:26 | Peasant |
| 1:40 | Peasant |
| 1:48 | Barracks |
| 2:05 | Farm |
| 2:08 | Peasant |
| 2:17 | Summon Water Elemental |
| 2:18 | Farm |
| 2:37 | Rifleman |
| 2:40 | Peasant |
| 2:40 | Peasant |
| 2:55 | Peasant |
| 3:07 | Rifleman |
| 3:07 | Rifleman |
| 3:15 | Peasant |
| 3:34 | Rifleman |
| 3:35 | Rifleman |
| 3:43 | Peasant |
| 3:49 | Brilliance Aura |
| 4:01 | Rifleman |
| 4:16 | Arcane Vault |
| 4:59 | Town Hall |
| 5:37 | Keep |
| 5:53 | Improved Lumber Harvesting |
| 5:59 | Farm |
| 6:07 | Black Gunpowder |
| 6:08 | Refined Gunpowder |
| 6:13 | Scroll of Regeneration |
| 6:13 | Scroll of Regeneration |
| 6:14 | Scroll of Regeneration |
| 6:27 | Rifleman |
| 6:30 | Studded Leather Armor |
| 6:31 | Improved Masonry |
| 6:49 | Rifleman |
| 6:58 | Farm |
| 7:23 | Rifleman |
| 8:01 | Long Rifles |
| 8:03 | Advanced Lumber Harvesting |
| 8:05 | Workshop |
| 8:09 | Workshop |
| 8:19 | Imbued Gunpowder |
| 8:21 | Castle |
| 8:28 | Scroll of Regeneration |
| 8:28 | Scroll of Regeneration |
| 8:48 | Rifleman |
| 8:58 | Farm |
| 9:00 | Scroll of Town Portal |
| 9:08 | Summon Water Elemental |
| 9:17 | Mortar Team |
| 9:19 | Mortar Team |
| 9:34 | Advanced Masonry |
| 9:35 | Imbued Masonry |
| 9:42 | Peasant |
| 9:42 | Peasant |
| 9:42 | Peasant |
| 9:46 | Holy Light |
| 10:01 | Reinforced Leather Armor |
| 10:02 | Mortar Team |
| 10:08 | Farm |
| 10:23 | Boots of Speed |
| 10:24 | Potion of Lesser Invulnerability |
| 10:33 | Divine Shield |
| 10:49 | Fragmentation Shards |
| 10:50 | Mortar Team |
| 10:59 | Peasant |
| 10:59 | Peasant |
| 10:59 | Peasant |
| 11:30 | Brilliance Aura |
| 11:40 | Mortar Team |
| 12:25 | Mortar Team |
| 12:29 | Farm |
| 12:36 | Peasant |
| 12:36 | Peasant |
| 12:36 | Peasant |
| 12:36 | Peasant |
| 12:36 | Peasant |
| 13:06 | Town Hall |
| 13:41 | Scroll of Regeneration |
| 13:41 | Scroll of Regeneration |
| 14:31 | Storm Bolt |
| 14:48 | Holy Light |
| 16:21 | Altar of Kings |
| 16:25 | Altar of Kings |
| 16:29 | Peasant |
| 16:29 | Peasant |
| 16:29 | Peasant |
| 16:29 | Peasant |
| 16:30 | Peasant |
| 17:06 | Rifleman |
| 17:16 | Keep |
| 17:21 | Farm |
| 17:30 | Town Hall |
| 17:41 | Rifleman |
| 18:13 | Farm |
| 18:17 | Farm |
| 18:22 | Lumber Mill |
| 18:27 | Rifleman |
| 19:03 | Peasant |
| 19:03 | Peasant |
| 19:03 | Peasant |
| 19:09 | Scout Tower |
| 19:12 | Scout Tower |
| 19:43 | Peasant |
| 19:43 | Peasant |
| 19:48 | Guard Tower |
| 19:49 | Arcane Tower |
| 19:52 | Scout Tower |
| 20:24 | Peasant |
| 20:24 | Peasant |
| 20:24 | Peasant |
| 20:24 | Peasant |
| 20:34 | Guard Tower |
| 20:54 | Scout Tower |
| 20:56 | Castle |
| 21:09 | Arcane Vault |
| 21:27 | Peasant |
| 21:32 | Guard Tower |
| 21:35 | Blacksmith |
| 22:00 | Farm |
| 22:31 | Town Hall |
| 24:43 | Scroll of Regeneration |
| 24:43 | Scroll of Regeneration |
| 24:43 | Scroll of Regeneration |
| 24:48 | Scroll of Town Portal |
| 24:50 | Orb of Fire |
| 24:57 | Rifleman |
| 25:09 | Farm |
| Right click | 614 |
| Select | 501 |
| Select group | 490 |
| Misc. action | 359 |
| Build/train/purchase | 169 |
| Assign group | 50 |
| Use ability | 29 |
| Item give/drop | 6 |
| Remove unit | 5 |
| Esc | 1 |
⇛